batty splatty, neutral male scurrid Tourist ----------- |..$.....@| +.*.....<.| |.........| ----.------ batty splatty the Rambler Experience level: 1 Strength: 11 Dexterity: 11 Constitution: 14 Intelligence: 13 Wisdom: 8 Charisma: 17 Health: 0(9) Energy: 2(2) Def: 0 Gold: 784 Moves: 84 Dungeon seed: vDfiCOzoJ0Drbpgo Game ID: batty splatty_1528897389 Your Inventory: Coins $ - 784 gold pieces Weapons a - 41 uncursed +2 darts (in quiver) Armor e - an uncursed +0 Hawaiian shirt (being worn) Comestibles b - an uncursed carrot c - an uncursed lembas wafer d - 2 uncursed eggs f - an uncursed fortune cookie g - 2 uncursed food rations h - 2 uncursed tripe rations i - an uncursed tin of jackal meat j - an uncursed chestnut Scrolls m - 4 uncursed scrolls of magic mapping s - an uncursed scroll of genocide Potions k - an uncursed potion of extra healing l - a blessed potion of extra healing Wands p - an uncursed wand of secret door detection (0:14) t - an uncursed wand of magic missile (0:6) Tools n - an uncursed expensive camera (0:94) o - an uncursed credit card q - an uncursed leash Spells and supernatural/magical abilities: Name Level Category Fail Memory W - pray for help -- divine ? -- Your skills at the end: Miscellaneous Skills wands [Basic] Weapon Skills dart [Basic] Spellcasting Skills Final Attributes: You were devoutly aligned. You had wounded legs. You had infravision. You were very stealthy. You are dead. Vanquished creatures: 2 jackals Voluntary challenges: You went without food. You did not adorn yourself with jewelry or accessories. You did not cause conflict. You were not invisible. You did not have reflection. You were not displaced. You were an atheist. You never hit with a wielded weapon. You did not use tools. You did not use plumbed fixtures. You did not drink any magical draughts. You were illiterate. You never genocided any monsters. You never polymorphed an object. You never changed form. You used no wishes. You never split a pudding. You never wrote Elbereth's name. You never violated your personal moral code. Dungeon overview: The Dungeons of Doom: levels 1 to 12 Level 1 a long staircase Level 2 a scroll shop Level 3 Level 4 Level 5 Level 6 Level 7 Level 8 Level 9 Level 10 Level 11 Level 12 <- You were here History has recorded: On T:1 you entered the Dungeons of Doom to retrieve the Amulet of Yendor! On T:8 you reached level 2 of The Dungeons of Doom. On T:26 you reached level 3 of The Dungeons of Doom. On T:32 you reached level 4 of The Dungeons of Doom. On T:39 you reached level 5 of The Dungeons of Doom. On T:45 you reached level 6 of The Dungeons of Doom. On T:51 you reached level 7 of The Dungeons of Doom. On T:58 you reached level 8 of The Dungeons of Doom. On T:64 you reached level 9 of The Dungeons of Doom. On T:72 you reached level 10 of The Dungeons of Doom. On T:78 you reached level 11 of The Dungeons of Doom. On T:83 you reached level 12 of The Dungeons of Doom. Score breakdown: Gold: 0 ( 0 points) Experience: 1 level ( 0 points) Exploration: 12 levels ( 330 points) Discoveries: 2 items ( 100 points) Variety of kills: 1 monster ( 50 points) Major goal: (nothing yet) ( 0 points) Survival: died (score multiplied by 3) Total score: 1440 Latest messages: You dig a pit in the floor. You continue digging downward. (2x) You are still in a pit. You crawl to the edge of the pit. s - a scroll labeled KERNOD WEL. You start digging downward. You continue digging downward. You dig a pit in the floor. You continue digging downward. (6x) You dig a hole through the floor. You fall through... You start digging downward. You continue digging downward. You dig a pit in the floor. You continue digging downward. (6x) You dig a hole through the floor. You fall through... You start digging downward. The lizard bites! t - a silver wand. KAABLAMM!!! You triggered a land mine! You die... Final status: Aloha batty splatty the Tourist, killed by a land mine... You died in The Dungeons of Doom on dungeon level 12 with 1440 points, and 784 pieces of gold, after 84 moves. You were level 1 with a maximum of 9 hit points when you died.